 Dungeon Crawl Stone Soup version 0.19-b1-3-g7dea586 (webtiles) character file.

15 scalarboson the Conjurer (level 2, -6/15 HPs)
             Began as a Tengu Conjurer on Oct 28, 2016.
             Mangled by a gnoll
             ... wielding a +0 whip
              (9 damage)
             ... on level 1 of the Dungeon.
             The game lasted 00:02:08 (1087 turns).

scalarboson the Conjurer (Tengu Conjurer)           Turns: 1087, Time: 00:02:08

Health: -6/15      AC:  2    Str:  8    XL:     2   Next: 50%
Magic:  5/6        EV: 12    Int: 15    God:
Gold:   23         SH:  3    Dex: 14    Spells: 1 memorised, 4 levels left

rFire  . . .     SeeInvis .     d - +0 dagger
rCold  . . .     Gourm    .     a - +0 robe
rNeg   . . .     Faith    .     g - +0 buckler
rPois  .         Spirit   .     (helmet restricted)
rElec  .         Reflect  .     (no cloak)
rCorr  .         Harm     .     (no gloves)
MR     .....                    (boots unavailable)
Stlth  ++........               (no amulet)
                                (no ring)
                                (no ring)

@: no status effects
A: beak, talons 3
a: no special abilities


You were on level 1 of the Dungeon.
You were hungry.

You visited 1 branch of the dungeon, and saw 1 of its levels.

You collected 23 gold pieces.

Inventory:

Hand Weapons
 d - a +0 dagger (weapon)
Armour
 a - a +0 robe (worn)
 g - a +0 buckler (worn)
Scrolls
 e - 2 scrolls of identify {unknown}
 f - 2 scrolls of remove curse {unknown}
 h - a scroll of magic mapping {unknown}
 i - a scroll of teleportation {unknown}
Books
 b - a book of Conjurations

   Spells                             Type                      Level
   a - Magic Dart                     Conjuration                  1
   b - Searing Ray                    Conjuration                  2
   c - Dazzling Spray                 Conjuration/Hexes            3
   d - Fulminant Prism                Conjuration/Hexes            4
   e - Iskenderun's Mystic Blast      Conjuration                  4
   f - Iskenderun's Battlesphere      Conjuration/Charms           5
Comestibles
 c - a bread ration
 j - 3 fruits


   Skills:
 - Level 2.1 Dodging
 - Level 2.0 Stealth
 - Level 2.0 Spellcasting
 + Level 6.1 Conjurations


You had 4 spell levels left.
You knew the following spells:

 Your Spells              Type           Power        Failure   Level  Hunger
a - Magic Dart            Conj           ###.         3%          1    #......


Dungeon Overview and Level Annotations

Branches:
Dungeon (1/15)

Altars:


Innate Abilities, Weirdness & Mutations

You have a beak for a mouth.
You have claws for feet.


Message History

The gnoll barely misses you. You block the gnoll's attack.
Things that are here:
a dagger; a goblin corpse You block the gnoll's attack.
There is an open door here.
Sorry, you're not good enough to have a special ability.
Unknown command.
Unknown command.
Sorry, you're not good enough to have a special ability.
Casting: Magic Dart
Confirm with . or Enter, or press ? or * to list all spells.
Aiming: Magic Dart
Press: ? - help, Shift-Dir - straight line, f/p - gnoll
Aim: a gnoll, wielding a whip (moderately wounded)
The magic dart hits the gnoll.
The gnoll is moderately wounded.
The gnoll hits you with a whip!
Ouch! That really hurt!
You die...

##...........# #.P♣.P........####
.........###.###.♣..P............
...............#...#.........####
P.P............######........# #.
♣♣.............# #.##.#..## #.
♣..###.........# #.##.#..# #.
P..# ♣.♣♣......# #.##.#..# #.
...# ♣.P♣......######.##.#..# #.
##.# ..♣......g@...........# #.
##.#♣ .♣......###♣.♣#......####.
.)..♣ ♣........................
.#.#♣ ♣...##....♣.♣###.#..###..
.#>.♣ .♣♣............##....## #..
.#.#♣ .♣♣...##....♣.♣##....# #..
....♣ .♣♣...##.......##.†..# ##.
....♣♣.♣♣...#####.♣.♣##....# #)
............# ##'.# #....# #.


You could see a gnoll.

Vanquished Creatures
  A dart slug (D:1)
  A giant cockroach (D:1)
  2 goblins (D:1)
  4 kobolds (D:1)
  A ball python (D:1)
  2 bats (D:1)
  A rat (D:1)
12 creatures vanquished.

Notes
Turn   | Place    | Note
-------+----------+-------------------------------------------
     0 | D:1      | scalarboson the Tengu Conjurer began the quest for the Orb.
     0 | D:1      | Reached XP level 1. HP: 10/10 MP: 4/4
   165 | D:1      | Reached XP level 2. HP: 10/15 MP: 6/6
   421 | D:1      | Reached skill level 6 in Conjurations
  1087 | D:1      | Mangled by a gnoll

Skill      XL: |  1  2 |
---------------+-------+-----
Conjurations   | 6 |  6.1
Dodging        | |  2.1
Stealth        | |  2.0
Spellcasting   | |  2.0

Action                   || total
-------------------------++-------
Melee: Dagger            ||    32
       Unarmed           ||    11
       Kick              ||     5
       Peck              ||     4
 Cast: Magic Dart        ||    12
 Stab: Sleeping          ||     1
Armor: Robe              ||     3
Dodge: Dodged            ||    28
Block: Buckler           ||     4
